TOP OF THE 1ST |
Biloxi Shuckers batting - Pitching for Altoona Curve : LHP Bernardo Flores
|
Pitching: LHP Bernardo Flores
|
|
Batting: SHB Greg Allen
|
0-0: Called Strike 0-1: Ball 1-1: Ground out 6-3 (Groundball, 6)
|
Batting: RHB Monte Harrison
|
0-0: Called Strike 0-1: Ball 1-1: Fly out, F7 (Flyball, 7LM)
|
Batting: RHB Jesus Montero
|
0-0: Called Strike 0-1: Ball 1-1: Fly out, F9 (Flyball, 89D)
|
Top of the 1st over - 0 runs, 0 hits, 0 errors, 0 left on base; Biloxi 0 - Altoona 0 |
BOTTOM OF THE 1ST |
Altoona Curve batting - Pitching for Biloxi Shuckers : RHP Dennis Santana
|
Pitching: RHP Dennis Santana
|
|
Batting: RHB Luis Vazquez
|
0-0: Ball 1-0: Ball 2-0: Bunt for hit - play at first, batter safe!
|
Batting: RHB Jacob Gonzalez
|
0-0: Ball 1-0: Called Strike 1-1: Fly out, F5 (Popup, 5S)
|
Batting: LHB Alex Kirilloff
|
0-0: Swinging Strike 0-1: Ball 1-1: Ball 2-1: Ball 3-1: Fly out, F8 (Flyball, 8LM)
|
Batting: LHB Chad Wesley Smith
|
0-0: Called Strike 0-1: Foul Ball, location: 2F 0-2: 2-RUN HOME RUN (Flyball, 78XD), Distance : 393 ft
|
Batting: RHB Ryan Vilade
|
0-0: Ground out 2-3 (Groundball, 2L)
|
Bottom of the 1st over - 2 runs, 2 hits, 0 errors, 0 left on base; Biloxi 0 - Altoona 2 |
TOP OF THE 2ND |
Biloxi Shuckers batting - Pitching for Altoona Curve : LHP Bernardo Flores
|
Batting: LHB Cody Asche
|
0-0: Swinging Strike 0-1: Foul Ball, location: 2F 0-2: Ball 1-2: Foul Ball, location: 2F 1-2: Ball 2-2: SOLO HOME RUN (Flyball, 9LD), Distance : 382 ft
|
Batting: LHB Isan Diaz
|
0-0: Ball 1-0: Ball 2-0: Ball 3-0: Called Strike 3-1: Bunt for hit - play at first, batter safe!
|
Batting: RHB Josh Morgan
|
0-0: Grounds into double play, 4-6-3 (Groundball, 4)
|
Batting: SHB Andrew Romine
|
0-0: Foul Ball, location: 2F 0-1: Called Strike 0-2: Ball 1-2: Foul Ball, location: 2F 1-2: Foul Ball, location: 2F 1-2: Ball 2-2: Ball 3-2: Foul Ball, location: 2F 3-2: SINGLE (Groundball, 56D)
|
Batting: RHB Jeff Mathis
|
0-0: Called Strike 0-1: Ball 1-1: Ball 2-1: Ball 3-1: Called Strike 3-2: Base on Balls Andrew Romine to second
|
Batting: LHB Corey Ray
|
0-0: Ball 1-0: SINGLE (Groundball, 34D) Andrew Romine to third Jeff Mathis to second Runner from 3rd tries for Home, SAFE, throw made home
|
Batting: SHB Greg Allen
|
0-0: Foul Ball, location: 2F 0-1: Foul Ball, location: 2F 0-2: Ball 1-2: Strikes out swinging
|
Top of the 2nd over - 2 runs, 4 hits, 0 errors, 2 left on base; Biloxi 2 - Altoona 2 |
BOTTOM OF THE 2ND |
Altoona Curve batting - Pitching for Biloxi Shuckers : RHP Dennis Santana
|
Batting: RHB Rod Boykin
|
0-0: Called Strike 0-1: Ground out 5-3 (Groundball, 56S)
|
Batting: LHB Greg Pickett
|
0-0: Ball 1-0: Foul Ball, location: 2F 1-1: Foul Ball, location: 2F 1-2: Fly out, F7 (Line Drive, 7D)
|
Batting: RHB Sam Huff
|
0-0: Ground out 2-3 (Groundball, 2L)
|
Bottom of the 2nd over - 0 runs, 0 hits, 0 errors, 0 left on base; Biloxi 2 - Altoona 2 |
TOP OF THE 3RD |
Biloxi Shuckers batting - Pitching for Altoona Curve : LHP Bernardo Flores
|
Batting: RHB Monte Harrison
|
0-0: Foul Ball, location: 2F 0-1: SINGLE (Groundball, 6M) (infield hit)
|
Batting: RHB Jesus Montero
|
0-0: Ball 1-0: Fly out, F8 (Flyball, 8LM)
|
Batting: LHB Cody Asche
|
0-0: Called Strike 0-1: Ball 1-1: Called Strike 1-2: Ball 2-2: Ball 3-2: Foul Ball, location: 2F 3-2: Strikes out swinging Monte Harrison steals 2nd base Batter strikes out.
|
Batting: LHB Isan Diaz
|
0-0: Ball 1-0: Foul Ball, location: 2F 1-1: Foul Ball, location: 2F 1-2: Ball 2-2: Strikes out looking
|
Top of the 3rd over - 0 runs, 1 hit, 0 errors, 1 left on base; Biloxi 2 - Altoona 2 |
BOTTOM OF THE 3RD |
Altoona Curve batting - Pitching for Biloxi Shuckers : RHP Dennis Santana
|
Batting: RHB Didimo Bracho
|
0-0: Called Strike 0-1: Swinging Strike 0-2: Strikes out looking
|
Batting: RHB Luis Vazquez
|
0-0: Foul Ball, location: 2F 0-1: Foul Ball, location: 2F 0-2: Strikes out swinging
|
Batting: RHB Jacob Gonzalez
|
0-0: Fly out, F8 (Line Drive, 8LD)
|
Bottom of the 3rd over - 0 runs, 0 hits, 0 errors, 0 left on base; Biloxi 2 - Altoona 2 |
TOP OF THE 4TH |
Biloxi Shuckers batting - Pitching for Altoona Curve : LHP Bernardo Flores
|
Batting: RHB Josh Morgan
|
0-0: Fly out, F1 (Popup, P)
|
Batting: SHB Andrew Romine
|
0-0: Ball 1-0: Ball 2-0: Foul Ball, location: 2F 2-1: SINGLE (Groundball, 34D)
|
Batting: RHB Jeff Mathis
|
0-0: Called Strike 0-1: Ball 1-1: Ball 2-1: SINGLE (Groundball, 34D) Andrew Romine to second Runner from 2nd tries for 3rd, SAFE, no throw
|
Batting: LHB Corey Ray
|
0-0: Foul Ball, location: 2F 0-1: Swinging Strike 0-2: Ball 1-2: Strikes out swinging
|
Batting: SHB Greg Allen
|
0-0: Ball 1-0: SINGLE (Groundball, 6MD) Andrew Romine scores Jeff Mathis to second
|
Batting: RHB Monte Harrison
|
0-0: Ball 1-0: Ball 2-0: Fly out, F8 (Flyball, 8LS)
|
Top of the 4th over - 1 run, 3 hits, 0 errors, 2 left on base; Biloxi 3 - Altoona 2 |
BOTTOM OF THE 4TH |
Altoona Curve batting - Pitching for Biloxi Shuckers : RHP Dennis Santana
|
Batting: LHB Alex Kirilloff
|
0-0: Called Strike 0-1: Called Strike 0-2: Strikes out swinging
|
Batting: LHB Chad Wesley Smith
|
0-0: Swinging Strike 0-1: DOUBLE (Flyball, 78D)
|
Batting: RHB Ryan Vilade
|
0-0: Ball 1-0: Called Strike 1-1: Ball 2-1: Ball 3-1: Foul Ball, location: 2F 3-2: Strikes out swinging
|
Batting: RHB Rod Boykin
|
0-0: Called Strike 0-1: Called Strike 0-2: Strikes out swinging
|
Bottom of the 4th over - 0 runs, 1 hit, 0 errors, 1 left on base; Biloxi 3 - Altoona 2 |
TOP OF THE 5TH |
Biloxi Shuckers batting - Pitching for Altoona Curve : LHP Bernardo Flores
|
Batting: RHB Jesus Montero
|
0-0: Swinging Strike 0-1: Foul Ball, location: 2F 0-2: Foul Ball, location: 2F 0-2: Strikes out swinging
|
Batting: LHB Cody Asche
|
0-0: Ball 1-0: Swinging Strike 1-1: Ball 2-1: Ball 3-1: Ground out 1-3 (Groundball, 34S)
|
Batting: LHB Isan Diaz
|
0-0: Ball 1-0: Ball 2-0: Called Strike 2-1: Ball 3-1: Base on Balls
|
Batting: RHB Josh Morgan
|
0-0: Ball 1-0: SINGLE (Groundball, 6MD) Isan Diaz to second Runner from 2nd tries for 3rd, SAFE, throw made to third
|
Batting: SHB Andrew Romine
|
0-0: Swinging Strike 0-1: Ball 1-1: Fly out, F2 (Popup, 5SF)
|
Top of the 5th over - 0 runs, 1 hit, 0 errors, 2 left on base; Biloxi 3 - Altoona 2 |
BOTTOM OF THE 5TH |
Altoona Curve batting - Pitching for Biloxi Shuckers : RHP Dennis Santana
|
Batting: LHB Greg Pickett
|
0-0: Ball 1-0: Ball 2-0: Ball 3-0: Called Strike 3-1: Base on Balls
|
Batting: RHB Sam Huff
|
0-0: Foul Ball, location: 2F 0-1: Ball 1-1: Foul Ball, location: 2F 1-2: Strikes out swinging
|
Batting: RHB Didimo Bracho
|
0-0: Swinging Strike 0-1: Ball 1-1: Called Strike 1-2: Strikes out swinging
|
Batting: RHB Luis Vazquez
|
0-0: Called Strike 0-1: Ball 1-1: Called Strike 1-2: Strikes out looking
|
Bottom of the 5th over - 0 runs, 0 hits, 0 errors, 1 left on base; Biloxi 3 - Altoona 2 |
TOP OF THE 6TH |
Biloxi Shuckers batting - Pitching for Altoona Curve : LHP Bernardo Flores
|
Pitching: RHP Dakota Chalmers
|
|
Batting: RHB Jeff Mathis
|
0-0: Ball 1-0: Ball 2-0: Fly out, F7 (Flyball, 7S)
|
Batting: LHB Corey Ray
|
0-0: Ball 1-0: Swinging Strike 1-1: Ball 2-1: Ball 3-1: Foul Ball, location: 2F 3-2: Base on Balls
|
Batting: SHB Greg Allen
|
0-0: Ball 1-0: Ball 2-0: Fly out, F6 (Popup, 56D)
|
Batting: RHB Monte Harrison
|
0-0: Called Strike 0-1: Called Strike 0-2: Ball Corey Ray steals 2nd base 1-2: Strikes out swinging
|
Top of the 6th over - 0 runs, 0 hits, 0 errors, 1 left on base; Biloxi 3 - Altoona 2 |
BOTTOM OF THE 6TH |
Altoona Curve batting - Pitching for Biloxi Shuckers : RHP Dennis Santana
|
Batting: RHB Jacob Gonzalez
|
0-0: Ball 1-0: Ball 2-0: Ball 3-0: Called Strike 3-1: Called Strike 3-2: Foul Ball, location: 2F 3-2: Base on Balls
|
Batting: LHB Alex Kirilloff
|
0-0: Ball 1-0: Foul Ball, location: 2F 1-1: Fly out, F8 (Flyball, 8RD)
|
Batting: LHB Chad Wesley Smith
|
0-0: Fly out, F9 (Flyball, 9LD)
|
Batting: RHB Ryan Vilade
|
0-0: Ball 1-0: Called Strike 1-1: Swinging Strike 1-2: Strikes out swinging
|
Bottom of the 6th over - 0 runs, 0 hits, 0 errors, 1 left on base; Biloxi 3 - Altoona 2 |
TOP OF THE 7TH |
Biloxi Shuckers batting - Pitching for Altoona Curve : RHP Dakota Chalmers
|
Batting: RHB Jesus Montero
|
0-0: Ball 1-0: Ground out 4-3 (Groundball, 34)
|
Pitching: LHP Will Headean
|
|
Batting: LHB Cody Asche
|
0-0: Foul Ball, location: 2F 0-1: DOUBLE (Line Drive, 89D)
|
Batting: LHB Isan Diaz
|
0-0: Ball 1-0: Called Strike 1-1: Called Strike 1-2: DOUBLE (Line Drive, 8RXD) Cody Asche scores
|
Pitching: RHP Lamar Sparks
|
|
Batting: RHB Josh Morgan
|
0-0: Called Strike 0-1: Ball 1-1: Ball 2-1: Ball 3-1: Called Strike 3-2: DOUBLE (Flyball, 9LD) Isan Diaz scores
|
Batting: SHB Andrew Romine
|
0-0: Called Strike 0-1: Foul Ball, location: 2F 0-2: Ball 1-2: Strikes out swinging
|
Batting: RHB Jeff Mathis
|
0-0: Ball 1-0: Foul Ball, location: 2F 1-1: Ground out 6-3 (Groundball, 6)
|
Top of the 7th over - 2 runs, 3 hits, 0 errors, 1 left on base; Biloxi 5 - Altoona 2 |
BOTTOM OF THE 7TH |
Altoona Curve batting - Pitching for Biloxi Shuckers : RHP Dennis Santana
|
Batting: RHB Rod Boykin
|
0-0: Bunt for hit - play at first, batter OUT! 1-3
|
Batting: LHB Greg Pickett
|
0-0: Ball 1-0: Ball 2-0: Called Strike 2-1: Ball 3-1: Ground out 2-3 (Groundball, 2L)
|
Batting: RHB Sam Huff
|
0-0: Ball 1-0: Fly out, F8 (Line Drive, 8LD)
|
Bottom of the 7th over - 0 runs, 0 hits, 0 errors, 0 left on base; Biloxi 5 - Altoona 2 |
TOP OF THE 8TH |
Biloxi Shuckers batting - Pitching for Altoona Curve : RHP Lamar Sparks
|
Batting: LHB Corey Ray
|
0-0: SINGLE (Groundball, 4MD)
|
Batting: SHB Greg Allen
|
0-0: SINGLE (Line Drive, 7LS) Corey Ray to second
|
Batting: RHB Monte Harrison
|
0-0: Foul Ball, location: 2F 0-1: Foul Ball, location: 2F 0-2: Foul Ball, location: 2F 0-2: Fly out, F7 (Flyball, 78M)
|
Batting: RHB Jesus Montero
|
0-0: SINGLE (Flyball, 9LS) Corey Ray to third Greg Allen to second Runner from 3rd tries for Home, SAFE, no throw
|
Batting: LHB Cody Asche
|
0-0: Foul Ball, location: 2F 0-1: Ball 1-1: Ball 2-1: Foul Ball, location: 2F 2-2: Foul Ball, location: 2F 2-2: SINGLE (Line Drive, 9S) Greg Allen to third Jesus Montero to second
|
Pitching: RHP Curtis Taylor
|
|
Batting: LHB Isan Diaz
|
0-0: Ball 1-0: Ball 2-0: Ball 3-0: Base on Balls Greg Allen scores Jesus Montero to third Cody Asche to second
|
Batting: RHB Josh Morgan
|
0-0: Ball 1-0: Called Strike 1-1: Ball 2-1: SINGLE (Groundball, 34D) Jesus Montero scores Cody Asche to third Isan Diaz to second Runner from 3rd tries for Home, SAFE, no throw
|
Batting: SHB Andrew Romine
|
0-0: Fly out, F9 (Flyball, 9)
|
Batting: RHB Jeff Mathis
|
0-0: Ball 1-0: Ground out 1-3 (Groundball, 34S)
|
Top of the 8th over - 4 runs, 5 hits, 0 errors, 2 left on base; Biloxi 9 - Altoona 2 |
BOTTOM OF THE 8TH |
Altoona Curve batting - Pitching for Biloxi Shuckers : RHP Dennis Santana
|
Pitching: RHP Chris Tillman
|
|
Batting: RHB Didimo Bracho
|
0-0: Ball 1-0: Called Strike 1-1: Ball 2-1: Foul Ball, location: 2F 2-2: Strikes out swinging
|
Batting: RHB Luis Vazquez
|
0-0: Ball 1-0: Ball 2-0: SINGLE (Groundball, 3D)
|
Batting: RHB Jacob Gonzalez
|
0-0: Ball 1-0: Foul Ball, location: 2F 1-1: Swinging Strike 1-2: Foul Ball, location: 2F 1-2: Strikes out looking
|
Batting: LHB Alex Kirilloff
|
0-0: Ball 1-0: Fly out, F7 (Flyball, 7S)
|
Bottom of the 8th over - 0 runs, 1 hit, 0 errors, 1 left on base; Biloxi 9 - Altoona 2 |
TOP OF THE 9TH |
Biloxi Shuckers batting - Pitching for Altoona Curve : RHP Curtis Taylor
|
Batting: LHB Corey Ray
|
0-0: Called Strike 0-1: Ball 1-1: Foul Ball, location: 2F 1-2: DOUBLE (Line Drive, 89M)
|
Batting: SHB Greg Allen
|
0-0: Foul Ball, location: 2F 0-1: Ball 1-1: Ball 2-1: Ground out 1-3 (Groundball, 13) Corey Ray to third
|
Batting: RHB Monte Harrison
|
0-0: Ball 1-0: Called Strike 1-1: SINGLE (Line Drive, 7S) Corey Ray scores
|
Batting: RHB Jesus Montero
|
0-0: Ball 1-0: Grounds into double play, 4-6-3 (Groundball, 34)
|
Top of the 9th over - 1 run, 2 hits, 0 errors, 0 left on base; Biloxi 10 - Altoona 2 |
BOTTOM OF THE 9TH |
Altoona Curve batting - Pitching for Biloxi Shuckers : RHP Chris Tillman
|
Batting: LHB Chad Wesley Smith
|
0-0: Called Strike 0-1: Ball 1-1: TRIPLE (Line Drive, 9D)
|
Batting: RHB Ryan Vilade
|
0-0: Fly out, F6 (Flyball, 56D)
|
Batting: RHB Rod Boykin
|
0-0: DOUBLE (Line Drive, 9LS) Chad Wesley Smith scores
|
Batting: LHB Greg Pickett
|
0-0: Foul Ball, location: 2F 0-1: Ball 1-1: Fly out, F4 (Popup, 13S)
|
Batting: RHB Sam Huff
|
0-0: Called Strike 0-1: Ball 1-1: Swinging Strike 1-2: Ball 2-2: Strikes out looking
|
Bottom of the 9th over - 1 run, 2 hits, 0 errors, 1 left on base; Biloxi 10 - Altoona 3 |
|